 Dungeon Crawl Stone Soup version 0.17.1-2-g5865329 (webtiles) character file.

206 ololoev the Chopper (level 5, -1/41 HPs)
             Began as a Demonspawn Fighter on Jan 19, 2016.
             Slain by a hound (3 damage)
             ... on level 4 of the Dungeon.
             The game lasted 00:06:09 (809 turns).

ololoev the Chopper (Demonspawn Fighter)             Turns: 809, Time: 00:06:09

Health: -1/41      AC:  9    Str: 18    XL:     5   Next: 53%
Magic:  5/5        EV:  7    Int:  9    God:
Gold:   90         SH:  0    Dex: 12    Spells: 0 memorised, 4 levels left

rFire  . . .     SeeInvis .     a - +0 war axe
rCold  + . .     Clarity  .     d - +0 chain mail
rNeg   + . .     SustAt   .     (no shield)
rPois  .         Gourm    .     (no helmet)
rElec  .         Spirit   .     (no cloak)
rCorr  .         Warding  .     (no gloves)
rMut   .         Stasis   .     (no boots)
MR     .....                    (no amulet)
Stlth  ..........               (no ring)
                                o - ring of positive energy

@: not resistant to hostile enchantments, extremely unstealthy
A: claws 2, cold resistance 1
a: no special abilities


Innate Abilities, Weirdness & Mutations

You have very sharp fingernails.
Your flesh is cold resistant.

Inventory:

Hand Weapons
 a - a +0 war axe (weapon)
Armour
 d - a +0 chain mail (worn)
Jewellery
 o - a ring of positive energy (left claw)
Scrolls
 f - a scroll of noise {unknown}
 k - a scroll of blinking {unknown}
 m - a scroll of teleportation
Comestibles
 c - 6 chunks of flesh
 e - 3 bread rations
 l - a slice of pizza


   Skills:
 - Level 3.0 Fighting
 * Level 4.5 Axes
 + Level 3.8 Armour
   Level 2.6 Shields


You had 4 spell levels left.
You didn't know any spells.


You were on level 4 of the Dungeon.
You were not hungry.

You visited 1 branch of the dungeon, and saw 5 of its levels.

You collected 90 gold pieces.

...............
........##....#
##......##.##.#
#.......)..#.###
#..............# ..
..........hh....# ......
.......##hwJh...# ......
....... ###h#......
...... .......####@#
##### >.....
.........†..# ......
............# ......
.).........# ...........
#####.....# ...........
#....## ...(......
####....# #.........
#.....### #.........
#.....#####.####.........

Notes
Turn   | Place    | Note
--------------------------------------------------------------
     0 | D:1      | ololoev the Demonspawn Fighter began the quest for the Orb.
     0 | D:1      | Reached XP level 1. HP: 18/18 MP: 1/1
   218 | D:2      | Gained mutation: You have sharp fingernails. [demonic ancestry]
   218 | D:2      | Reached XP level 2. HP: 21/24 MP: 2/2
   414 | D:3      | Gained mutation: You have very sharp fingernails. [demonic ancestry]
   414 | D:3      | Reached XP level 3. HP: 14/29 MP: 3/3
   509 | D:3      | Gained mutation: Your flesh is cold resistant. [demonic ancestry]
   509 | D:3      | Reached XP level 4. HP: 10/35 MP: 4/4
   539 | D:3      | Reached skill level 4 in Axes
   640 | D:5      | Entered Level 5 of the Dungeon
   675 | D:4      | Reached XP level 5. HP: 24/41 MP: 5/5
   805 | D:4      | HP: 2/41 [hound (2)]
   809 | D:4      | Slain by a hound

Dungeon Overview and Level Annotations

Branches:
Dungeon (5/15)
 Temple: D:4-7

Altars:


Message History

You kill the jackal!
You miss the hound.
The hound is heavily wounded.
The hound barely misses you. The hound closely misses you.
Unknown command.
The jackal barks!
You hit the ooze.
The ooze is moderately wounded.
You barely miss the hound.
The hound is heavily wounded.
The ooze hits you. The hound bites you but does no damage. The ooze hits you.
The hound bites you. The hound bites you but does no damage.
The hound bites you but does no damage. The hound bites you.
You closely miss the hound.
The hound is heavily wounded.
The hound bites you but does no damage. The hound barely misses you.
You closely miss the hound.
The hound is heavily wounded.
The hound bites you. The hound bites you but does no damage.
You barely miss the hound.
The hound is heavily wounded.
The hound bites you but does no damage. x2
You slash the hound!
The hound is almost dead.
The hound bites you. The hound barely misses you.
You closely miss the hound.
The hound is almost dead.
The hound bites you. The hound bites you but does no damage.
You closely miss the hound.
The hound is almost dead.
The hound completely misses you. The hound bites you but does no damage.
You closely miss the hound.
The hound is almost dead.
The hound closely misses you. The hound bites you but does no damage.
Your chain mail prevents you from hitting the hound.
The hound is almost dead.
The hound bites you.
You die...

You could see a worm, 2 hounds, an ooze and 2 jackals.

Vanquished Creatures
  A crimson imp (D:3)
  An orc priest (D:3)
  2 worker ants (D:4)
  An orc wizard (D:3)
  2 adders (D:4)
  A worm (D:3)
  2 giant geckos (D:3)
  8 orcs
  3 bats
  5 giant cockroaches
  3 goblins (D:2)
  3 hobgoblins
  4 jackals
  4 kobolds
40 creatures vanquished.

Action                   |  1- 3 |  4- 6 || total
-------------------------+-------+-------++-------
Melee: War axe           |    70 |    79 ||   149
  Use: Potion            |     2 |     6 ||     8
       Scroll            |       |     2 ||     2
 Stab: Invisible         |       |     5 ||     5

Vault maps used:
D:1:      sevenhm_arrival_forest_fort_small_3
D:2:      kennysheep_boxes
D:3:      first_bread
D:5:      minmay_temple_entry_statues_fountains, serial_shops, shop
